 Dungeon Crawl Stone Soup version 0.32-a0-43-g058985b245 (webtiles) character file.

Game seed: 2269197540985741697

11123 olourkin the Grappler (level 11, -3/98 HPs)
             Began as a Troll Shapeshifter on Jan 14, 2024.
             Was a High Priest of Wu Jian.
             Killed from afar by a rime drake (10 damage)
             ... with an icy flash freeze
             ... while petrified by a catoblepas
             ... on level 1 of the Lair of Beasts on Feb 5, 2024.
             The game lasted 01:03:23 (10758 turns).

olourkin the Grappler (Troll Shapeshifter)         Turns: 10758, Time: 01:03:23

Health: -3/98      AC:  8    Str: 29    XL:     11   Next: 45%
Magic:  10/10      EV:  1    Int:  6    God:    Wu Jian [*****.]
Gold:   713        SH:  0    Dex: 13    Spells: 10/10 levels left

rFire   . .          .
                       - Unarmed
rCold   + . .        (shield currently unavailable)
rNeg    + + +        r - melded +1 robe of Light {*Corrode rElec rPois Int+7}
rPois   ∞            (helmet currently unavailable)
rElec   +            C - melded scarf "Kecallan" {shadows, -Cast rElec Str+5}
rCorr   .            (gloves unavailable)
SInv    .            (boots unavailable)
Will    .....        (no amulet)
Stlth   +            t - ring "Haisch" {rElec rPois rC+}
HPRegen 1.16/turn    (no ring)
MPRegen 0.12/turn

%: no passive effects
@: snake-form, petrified, studying Air Magic
A: constrict, boosted hp, large, unfitting armour, (claws 3), regeneration 1,
(shaggy fur 1), (tough skin 1)
a: Begin Untransformation, Renounce Religion, Wall Jump, Serpent's Lash,
Heavenly Storm


You were on level 1 of the Lair of Beasts.
You worshipped Wu Jian.
Wu Jian was extremely pleased with you.
You were an enormous serpent.
You visited 4 branches of the dungeon, and saw 15 of its levels.

You collected 713 gold pieces.

Inventory:

Hand Weapons
 F - the +7 staff of the Meek {protect, meekguard}
   (You found it on level 8 of the Dungeon)
Missiles
 n - 110 stones (quivered)
 q - 3 throwing nets
 A - 20 poisoned darts
 G - 7 boomerangs
 H - 4 large rocks
Armour
 a - a +1 animal skin
 r - the +1 robe of Light (melded) {*Corrode rElec rPois Int+7}
   (You found it on level 3 of the Dungeon)

   Int+7:     It affects your intelligence (+7).
   rElec:     It insulates you from electricity.
   rPois:     It protects you from poison *Corrode: It may corrode you when you
   take damage.
 C - the scarf "Kecallan" (melded) {shadows, -Cast rElec Str+5}
   (You found it on level 7 of the Dungeon)

   Str+5:     It affects your strength (+5).
   rElec:     It insulates you from electricity.
   -Cast:     It prevents spellcasting.
 E - a +0 hat
Jewellery
 h - an amulet of faith {!P}
 t - the ring "Haisch" (left hand) {rElec rPois rC+}
   (You found it on level 4 of the Dungeon)

   [ring of poison resistance]

   rC+:       It protects you from cold.
   rElec:     It insulates you from electricity.
   rPois:     It protects you from poison
 v - a ring of fire
Talismans
 c - a beast talisman
 d - a flux talisman
 p - a serpent talisman (active)
 y - a maw talisman
Wands
 o - a wand of paralysis (3)
 L - a wand of roots (5)
Scrolls
 j - 3 scrolls of enchant armour
 l - a scroll of fog
 u - 2 scrolls of teleportation
 w - 2 scrolls of amnesia
 x - a scroll of poison {unknown}
 z - 2 scrolls of fear
 B - a scroll of enchant weapon
 D - a scroll of identify
 I - 3 scrolls of blinking
Potions
 b - 3 potions of lignification {!q}
 f - a potion of enlightenment {unknown}
 g - a potion of resistance
 i - 2 potions of degeneration {!q}
 k - 2 potions of brilliance
 m - 6 potions of curing
 s - 2 potions of magic
 J - a potion of mutation {unknown}
 K - a potion of haste {unknown}


   Skills:
 - Level 0.7 Fighting
 + Level 7.3 Dodging
 * Level 13.5 Unarmed Combat
 + Level 9.2 Shapeshifting


You had 10 spell levels left.
You didn't know any spells.
Your spell library contained the following spells:

 Spells                   Type           Power      Damage    Failure   Level
 Ensorcelled Hibernation  Hex/Ice        0%         N/A       58%         2
 Hailstorm                Conj/Ice       0%         3d5       83%         3
 Inner Flame              Hex/Fire       0%         N/A       83%         3
 Passwall                 Erth           0%         N/A       83%         3
 Summon Ice Beast         Ice/Summ       0%         N/A       83%         3
 Swiftness                Air            0%         N/A       83%         3
 Animate Dead             Necr           0%         N/A       99%         4
 Ignite Poison            Fire/Alch      0%         N/A       99%         4
 Sticky Flame             Fire/Alch      0%         2d4       99%         4
 Borgnjor's Vile Clutch   Necr/Erth      0%         N/A       100%        5
 Irradiate                Conj/Alch      0%         3d11      100%        5
 Summon Mana Viper        Hex/Summ       0%         N/A       100%        5
 Death Channel            Necr           0%         N/A       100%        6
 Sculpt Simulacrum        Ice/Alch       0%         N/A       100%        6
 Monstrous Menagerie      Summ           0%         N/A       100%        7
 Ignition                 Fire           0%         3d3       100%        8


Dungeon Overview and Level Annotations

Branches:
Dungeon (11/15)            Temple (1/1) D:4            Lair (1/5) D:8
    Orc (2/2) D:9
    Elf: Orc:2

Altars:
Ashenzari
Cheibriados
Dithmenos
Elyvilon
Fedhas
Gozag
Hepliaklqana
Kikubaaqudgha
Makhleb
Nemelex Xobeh
Okawaru
Qazlal
Ru
Sif Muna
Trog
Uskayaw
Vehumet
Wu Jian
Xom
Yredelemnul
Zin
The Shining One

Shops:
D:5 (   D:10 !   Orc:1 (   Orc:2 :

Annotations:
D:8 3 runed translucent doors


Innate Abilities, Weirdness & Mutations

You are an enormous serpent.
You have a powerful constriction melee attack.
Your maximum health is increased.
Your armour is entirely melded.
You are incapable of wielding weapons or throwing items.
You are too large for most types of armour.
((You have claws for hands.))
Your natural rate of healing is unusually fast.
((You are covered in fur. (AC +1)))
((You have tough skin. (AC +1)))


Message History

Something gores the fungus!
You are engulfed in calcifying dust.
The wyvern stops moving altogether!
A nearby fungus withers and dies.
The rime drake bites you but does no damage.
The cane toad stings you!
* * * LOW HITPOINT WARNING * * *
The rime drake breathes ice at you. The icy flash freeze hits you!
You partially resist.
* * * LOW HITPOINT WARNING * * *
You are encased in ice.
You are engulfed in calcifying dust.
The cane toad stings you but does no damage.
The basilisk gazes at you. You resist with some effort.
A cane toad comes into view.
The rime drake bites you.
* * * LOW HITPOINT WARNING * * *
The cane toad stings you!!
* * * LOW HITPOINT WARNING * * *
You are engulfed in calcifying dust.
The rime drake bites you but does no damage.
The basilisk gazes at you. The cane toad stings you!!
* * * LOW HITPOINT WARNING * * *
The rime drake bites you. The cane toad stings you!
* * * LOW HITPOINT WARNING * * *
The ice encasing you melts away.
The rime drake bites you but does no damage.
The cane toad stings you!
* * * LOW HITPOINT WARNING * * *
The catoblepas breathes a plume of calcifying dust at you.
The blast of calcifying dust hits the cane toad.
The blast of calcifying dust hits you!
* * * LOW HITPOINT WARNING * * *
The basilisk gazes at you.
You are engulfed in calcifying dust.
The rime drake barely misses you. The cane toad stings you.
The rime drake breathes ice at you. The icy flash freeze hits you!!
You partially resist.
You die...

♣.P ♣≈♣
#♣.. ≈.♣
P.. #..♣
♣..♣#...♣#
♣........♣.
♣≈.≈...≈...
♣≈.lk>.≈Y..
♣§S§§.F..♣
♣≈kF.>.≈≈..
♣≈l#...≈...
♣.. ...$.♣.
P.. ≈...♣#
#P.§ ♣≈..♣
#♣§§ ♣#.♣
≈.≈ #♣


You could see a catoblepas, a cane toad, 2 basilisks, a rime drake (catching
breath) and a wyvern (petrified).

Vanquished Creatures
  A cyclops (D:9)
  2 orc sorcerers (Orc:1)
  A troll (D:9)
  Prince Ribbit (D:5)
  A shadow (D:9)
  18 yaks
  A wyvern (D:9)
  2 wargs
  3 vampire mosquitoes (D:11)
  2 water moccasins
  13 orc warriors
  3 black bears
  An ice beast (D:5)
  A sky beast (D:7)
  3 ogres
  2 wolves (D:8)
  2 centaurs
  2 phantoms
  2 kobold brigands
  6 bullfrogs
  4 scorpions (D:6)
  5 wights
  6 killer bees
  A troll zombie (D:9)
  2 howler monkeys
  4 crimson imps (D:8)
  10 hounds
  2 jellies
  17 orc priests
  A bombardier beetle (D:5)
  A gnoll bouda (D:5)
  5 iguanas
  14 orc wizards
  7 ogre zombies (D:9)
  13 gnolls
  6 adders
  2 shadow imps (D:6)
  2 white imps
  2 ribbon worms
  4 dart slugs
  49 orcs
  5 bats
  4 endoplasms
  3 giant cockroaches
  2 gnoll zombies (D:9)
  9 goblins
  4 hobgoblins
  3 jackals (D:1)
  2 quokkas (D:2)
  5 ball pythons
  3 frilled lizards
  3 gnoll skeletons (D:9)
  15 kobolds
  4 orc skeletons (D:9)
  16 orc zombies (D:9)
  6 rats
308 creatures vanquished.

Notes
Turn   | Place    | Note
-------+----------+-------------------------------------------
     0 | D:1      | olourkin the Troll Shapeshifter began the quest for the
                  | Orb.
     0 | D:1      | Reached XP level 1. HP: 18/18 MP: 0/0
   307 | D:1      | Reached XP level 2. HP: 26/26 MP: 1/1
   570 | D:1      | You fall into a shaft and drop 1 floor!
   658 | D:2      | Reached XP level 3. HP: 32/32 MP: 2/2
   804 | D:2      | Reached skill level 4 in Unarmed Combat
  1346 | D:2      | Reached XP level 4. HP: 40/40 MP: 3/3
  1836 | D:3      | Reached skill level 5 in Unarmed Combat
  1836 | D:3      | Reached XP level 5. HP: 16/46 MP: 4/4
  1870 | D:3      | Identified the +1 robe of Light {*Corrode rElec rPois
                  | Int+7}
  1923 | D:3      | Found a faded altar of an unknown god.
  2405 | D:4      | Found a burning altar of Makhleb.
  2522 | D:4      | Found a radiant altar of Vehumet.
  2950 | D:4      | Noticed a water moccasin
  2958 | D:4      | Killed a water moccasin
  2959 | D:4      | Reached skill level 6 in Unarmed Combat
  2959 | D:4      | Reached XP level 6. HP: 12/54 MP: 5/5
  3043 | D:4      | Identified the ring "Haisch" {rElec rPois rC+}
  3172 | D:4      | Found a staircase to the Ecumenical Temple.
  3345 | D:4      | Upgraded the game from 0.32-a0-7-ge934b4519a to
                  | 0.32-a0-43-g058985b245
  3456 | Temple   | Entered the Ecumenical Temple
  3469 | Temple   | Became a worshipper of the Wu Jian Council
  3522 | D:5      | Entered Level 5 of the Dungeon
  3522 | D:5      | Found an ancient bone altar of Kikubaaqudgha.
  3611 | D:5      | Found Ikeabob's Weapon Shoppe.
  3630 | D:5      | Reached XP level 7. HP: 35/61 MP: 6/6
  3637 | D:5      | Reached skill level 5 in Shapeshifting
  3675 | D:5      | Reached skill level 7 in Unarmed Combat
  3912 | D:5      | Reached XP level 8. HP: 44/68 MP: 7/7
  4048 | D:5      | Noticed Prince Ribbit
  4061 | D:5      | Killed Prince Ribbit
  4062 | D:5      | Reached skill level 8 in Unarmed Combat
  4104 | D:5      | Found a blossoming altar of Fedhas.
  4720 | D:6      | Reached * piety under Wu Jian
  4940 | D:6      | Reached skill level 9 in Unarmed Combat
  5117 | D:6      | Found an iron altar of Okawaru.
  5245 | D:6      | Reached XP level 9. HP: 54/75 MP: 8/8
  5318 | D:6      | Found a glowing silver altar of Zin.
  5557 | D:7      | Reached ** piety under Wu Jian
  5567 | D:7      | Reached skill level 10 in Unarmed Combat
  5842 | D:7      | Identified the scarf "Kecallan" {shadows, -Cast rElec
                  | Str+5}
  5886 | D:7      | Found a bloodstained altar of Trog.
  6168 | D:7      | Reached skill level 5 in Dodging
  6256 | D:8      | Found a stormy altar of Qazlal.
  6335 | D:8      | Found a basalt altar of Yredelemnul.
  6350 | D:8      | Reached skill level 11 in Unarmed Combat
  6352 | D:8      | Reached XP level 10. HP: 47/83 MP: 9/9
  6401 | D:8      | Found a staircase to the Lair.
  6409 | D:8      | Reached *** piety under Wu Jian
  6513 | D:8      | Found a shimmering altar of Xom.
  6570 | D:8      | Found a runed translucent gate.
  6570 | D:8      | Found a runed translucent gate.
  6570 | D:8      | Found a runed translucent gate.
  6571 | D:8      | Noticed a green ugly thing
  6572 | D:8      | Noticed a red ugly thing
  6572 | D:8      | Noticed a purple ugly thing
  6572 | D:8      | Noticed a cyan ugly thing
  6715 | D:8      | Found the +7 staff of the Meek {protect, meekguard}
  6937 | D:8      | Noticed a glowing orange brain
  7065 | Lair:1   | Entered Level 1 of the Lair of Beasts
  7065 | Lair:1   | Noticed a catoblepas
  7065 | Lair:1   | Noticed a cane toad
  7166 | D:9      | Noticed a cyclops
  7579 | D:9      | Found a staircase to the Orcish Mines.
  7633 | D:9      | Reached **** piety under Wu Jian
  7819 | D:9      | Reached skill level 12 in Unarmed Combat
  8289 | D:9      | Found a snail-covered altar of Cheibriados.
  8556 | D:9      | Killed a cyclops
  8618 | D:10     | Entered Level 10 of the Dungeon
  8661 | D:10     | Found a sacrificial altar of Ru.
  9010 | D:10     | Found Ampez's Distillery.
  9033 | D:10     | Found a sparkling altar of Nemelex Xobeh.
  9143 | D:10     | Reached XP level 11. HP: 83/89 MP: 10/10
  9149 | D:10     | Reached ***** piety under Wu Jian
  9408 | D:10     | Found a shadowy altar of Dithmenos.
  9412 | D:10     | Found a hazy altar of Hepliaklqana.
  9486 | D:10     | Reached skill level 13 in Unarmed Combat
  9840 | D:11     | Noticed a skeletal warrior
  9848 | D:11     | Noticed a skeletal warrior
  9848 | D:11     | Noticed a skeletal warrior
  9993 | Orc:1    | Entered Level 1 of the Orcish Mines
 10122 | Orc:1    | Noticed an orc sorcerer
 10255 | Orc:1    | Killed an orc sorcerer
 10283 | Orc:1    | Found Gepux's Weapon Boutique.
 10470 | Orc:2    | Entered Level 2 of the Orcish Mines
 10470 | Orc:2    | Noticed an orc sorcerer
 10470 | Orc:2    | Found Hidapn's Book Emporium.
 10518 | Orc:1    | Paralysed by an orc sorcerer for 2 turns
 10526 | Orc:1    | Killed an orc sorcerer
 10758 | Lair:1   | Killed from afar by a rime drake

Illustrated notes

Levels and vault maps discovered:
D:1:      lightli_iron_boxes, layout_basic
D:2:      layout_basic, minmay_split_cup_small
D:3:      layout_basic, ebering_ecumenical_altar_mist,
          kennysheep_generic_room_15
D:4:      layout_loops_ring, nicolae_vehumet_altar_sigil,
          makhleb_heckhound_becter, lemuel_temple_firewalk_b, minmay_checkerbox
D:5:      layout_layer_cave, lemuel_round_altar, mainiacjoe_overflow_boulevard,
          serial_shops, shop, roderic_lattice_a, minmay_manual_monolith,
          uniq_prince_ribbit1
D:6:      layout_cave_pools, okawaru_gym_becter,
          mainiacjoe_overflow_tiny_flanked
D:7:      layout_basic, lightli_temple_of_fire
D:8:      layout_gridville, nicolae_qazlal_scattered_showers,
          lemuel_round_altar, led_xom_imps, erik_lair_orcish_takeover,
          ploomutoo_gammafunk_ghost_potion_laboratory, pf_guarded_unrand_meek
D:9:      layout_roguey, mainiacjoe_overflow_catwalk, zombieorc2_lemuel,
          nicolae_twisty_statue_hallways
D:10:     layout_basic, riverfiend_overflow_shadow_ancestor,
          nicolae_ru_awakened_eye, mainiacjoe_overflow_24_doors, serial_shops,
          nicolae_shop_just_a_little_nook
D:11:     layout_long_grid, serial_co_window_serial, co_window_paths_b,
          co_window_corner_a, co_window_corner_a, co_window_paths_b,
          co_window_corner_a, co_window_unsneaky_path_b, co_window_broadway_b,
          co_window_unsneaky_path_d, co_window_corner_b,
          co_window_of_opportunity_c, co_window_4corner_a, glass_columns_a,
          glass_columns_c, glass_columns_b, glass_columns_b,
          nicolae_specific_store, lightli_orcish_oven
Temple:   nicolae_temple_superstar
Lair:1:   regret_index_malice_mire, layout_loops_ring, enter_volcano_3
Orc:1:    layout_caves, serial_shops, shop
Orc:2:    grunt_orc_gardens, layout_caves, grunt_orc_garden, grunt_orc_garden,
          grunt_orc_garden, grunt_orc_garden, basic_altar, serial_shops, shop

Skill      XL: |  1  2  3  4  5  6  7  8  9 10 11 |
---------------+----------------------------------+-----
Unarmed Combat | 4 5 6 7 9 11 12 13 | 13.5
Shapeshifting  | 4 5 6 7 8 9 |  9.2
Dodging        | 2 4 5 6 7 |  7.3
Fighting       | |  0.7

Action                     |  1- 3 |  4- 6 |  7- 9 | 10-12 || total
---------------------------+-------+-------+-------+-------++-------
  Melee: Unarmed           |   111 |    83 |   206 |   303 ||   703
         Punch             |     2 |       |       |       ||     2
         Constrict         |       |    15 |    46 |    70 ||   131
 Invoke: Serpent's Lash    |       |       |       |     1 ||     1
Ability: Lunge             |       |     2 |    22 |    64 ||    88
         Begin Untransform |       |       |     1 |     1 ||     2
    Use: Scroll            |       |     5 |       |    11 ||    16
         Potion            |       |       |     2 |     4 ||     6
   Stab: Sleeping          |       |     2 |     3 |     1 ||     6
         Distracted        |       |       |       |     1 ||     1
 Armour: Animal skin       |    60 |    13 |       |       ||    73
         Skin              |       |    25 |   115 |   181 ||   321
         Robe              |       |       |       |     1 ||     1
  Dodge: Dodged            |    45 |    29 |    71 |   108 ||   253
   Form: Serpent           |       |     1 |     1 |     1 ||     3

Table legend: (Time is in decaauts)
 A = Elapsed time spent in this place.
 B = Non-inter-level travel time spent in this place.
 C = Inter-level travel time spent in this place.
 D = Time resting spent in this place.
 E = Time spent auto-exploring this place.
 F = Levels seen in this place.
 G = Mean time per level.
                   A        B        C        D        E       F      G
               +--------+--------+--------+--------+--------+-----+--------+
         Total |  10667 |  10116 |    551 |   2368 |   5522 |  15 |  711.1 |
       Dungeon |  10127 |   9617 |    510 |   2169 |   5339 |  11 |  920.6 |
        Temple |     26 |      2 |     24 |      0 |      0 |   1 |   26.0 |
          Lair |     13 |     13 |      0 |      0 |      0 |   1 |   13.0 |
  Orcish Mines |    500 |    483 |     17 |    199 |    183 |   2 |  250.0 |
               +--------+--------+--------+--------+--------+-----+--------+

Top non-repeatable levels by time:
     D:9: 1654 daAuts
    D:10: 1251 daAuts
     D:5: 1178 daAuts
     D:4: 1128 daAuts
     D:3: 987 daAuts
     D:8: 943 daAuts
     D:7: 831 daAuts
     D:2: 797 daAuts
     D:6: 715 daAuts
     D:1: 566 daAuts
   Orc:1: 490 daAuts
    D:11: 71 daAuts
  Temple: 26 daAuts
  Lair:1: 13 daAuts
   Orc:2: 10 daAuts
